 Dungeon Crawl Stone Soup version 0.30-a0-867-g305f33218d (webtiles) character file.

Game seed: 11456327739473890382

70 bmack86 the Shield-Bearer (level 4, -1/40 HPs)
             Began as a Minotaur Fighter on Mar 11, 2023.
             Killed from afar by a dart slug (3 damage)
             ... with a slug dart
             ... on level 2 of the Dungeon.
             The game lasted 00:03:42 (912 turns).

bmack86 the Shield-Bearer (Minotaur Fighter)         Turns: 912, Time: 00:03:42

Health: -1/40      AC:  7    Str: 22    XL:     4   Next: 3%
Magic:  3/3        EV:  9    Int:  5    God:
Gold:   50         SH:  4    Dex: 10    Spells: 3/3 levels left

rFire   . . .      SeeInvis .    a - +0 war axe
rCold   . . .      Faith    .    c - +0 buckler
rNeg    . . .      Spirit   .    b - +0 scale mail
rPois   .          Reflect  .    (helmet restricted)
rElec   .          Rampage  .    (no cloak)
rCorr   .                        (no gloves)
Will    .....                    (no boots) Stlth
                                 (no amulet)
HPRegen 0.26/turn                (no ring)
MPRegen 0.08/turn                (no ring)

@: no status effects
A: horns 2, retaliatory headbutt
a: no special abilities


You were on level 2 of the Dungeon.
You visited 1 branch of the dungeon, and saw 2 of its levels.

You collected 50 gold pieces.

Inventory:

Hand Weapons
 a - a +0 war axe (weapon)
Armour
 b - a +0 scale mail (worn)
 c - a +0 buckler (worn)
Scrolls
 g - a scroll of amnesia {unknown}
 i - a scroll of noise {unknown}
Potions
 d - a potion of might
 e - a potion of mutation {unknown}
 f - a potion of magic {unknown}
 h - a potion of lignification {unknown}
 j - a potion of flight {unknown}


   Skills:
 + Level 4.1 Fighting
 * Level 3.8 Axes
 + Level 4.2 Armour
 + Level 4.2 Shields


You had 3 spell levels left.
You didn't know any spells.
Your spell library contained the following spells:

 Spells                   Type           Power      Damage    Failure   Level
 Necrotise                Necr           0%         1d4       87%         1
 Vampiric Draining        Necr           0%         2d6       99%         3
 Agony                    Necr           0%         N/A       100%        5


Dungeon Overview and Level Annotations

Branches:
Dungeon (2/15)

Altars:
Uskayaw

Shops:
D:1 :


Innate Abilities, Weirdness & Mutations

You have a pair of horns on your head.
You reflexively headbutt those who attack you in melee.


Message History

The gnoll is almost dead.
You hit the quokka. You closely miss the gnoll. You slash the plant!
The plant begins to die.
You barely miss the goblin. The quokka bites you. The goblin barely misses you.
You furiously retaliate!
You headbutt the goblin.
The gnoll hits you with a +2 whip of electrocution.
* * * LOW HITPOINT WARNING * * *
You block the gnoll's attack. The quokka closely misses you.
You barely miss the gnoll. Your headbutt misses the gnoll.
The gnoll is almost dead.
You barely miss the goblin. You hit the quokka.
You kill the quokka!
You barely miss the gnoll. You hit the plant.
The bat hits you but does no damage. You block the gnoll's attack.
The goblin hits you but does no damage. The gnoll hits you with a +0 spear.
* * * LOW HITPOINT WARNING * * *
The gnoll closely misses you. The gnoll hits you with a +0 spear.
* * * LOW HITPOINT WARNING * * *
The goblin barely misses you. You furiously retaliate!
You headbutt the goblin!
You kill the goblin!
You slash the gnoll!
You kill the gnoll!
You slash the gnoll! You slash the plant! The bat hits you but does no damage.
The gnoll hits you but does no damage.
You have reached level 4!
You feel agile. The gnoll attacks as you move away!
The gnoll hits you but does no damage.
A nearby plant withers and dies.
The bat hits you but does no damage.
The gnoll hits you from afar with a +0 spear.
* * * LOW HITPOINT WARNING * * *
Things that are here:
a +2 whip of electrocution; a gnoll corpse The bat barely misses you.
The gnoll hits you with a +0 spear.
* * * LOW HITPOINT WARNING * * *
The gnoll hits you but does no damage.
You slash the gnoll!
You kill the gnoll!
You barely miss the bat. You block the bat's attack.
The dart slug launches a dart at you. The slug dart hits you.
You die...

#.# ##.♣.♣♣♣P
♣...P♣#..###### #.#
#..♣P..♣. .♣...P#..# #
###.##
#♣P♣♣♣P..♣♣♣♣♣P#...# ..
...... §♣♣
..♣♣.P♣P.P#...###.#
....#.
#§§♣♣♣♣..PPP♣.♣###.....#
#####
#♣♣§.....♣P....♣#......#
♣..P....♣...♣.......#
♣♣)b♣..♣♣.♣......#
♣.)@)w..♣P.......#
♣.......♣P.........
♣.....?..P♣♣#.....#.#
♣.P8..#.P..P#.......<#
♣.♣(......♣....#+#...
..P..#...#P♣P...# .##
.♣♣.........P##..#
♣♣.♣.?_).PP. ..#


You could see a dart slug and a bat.

Vanquished Creatures
  2 gnolls (D:2)
  An adder (D:2)
  2 worms (D:2)
  3 ball pythons (D:1)
  An endoplasm (D:2)
  2 giant cockroaches
  4 goblins
  4 hobgoblins (D:1)
  2 jackals (D:1)
  6 kobolds (D:1)
  5 quokkas
  3 bats
  3 frilled lizards (D:1)
  8 rats
46 creatures vanquished.

Vanquished Creatures (others)
  8 plants (D:2)
8 creatures vanquished.

Grand Total: 54 creatures vanquished

Notes
Turn   | Place    | Note
-------+----------+-------------------------------------------
     0 | D:1      | bmack86 the Minotaur Fighter began the quest for the Orb.
     0 | D:1      | Reached XP level 1. HP: 19/19 MP: 0/0
    50 | D:1      | Found Zuuzyovu's Book Shop.
   128 | D:1      | Reached XP level 2. HP: 27/27 MP: 1/1
   603 | D:1      | Reached XP level 3. HP: 33/33 MP: 2/2
   894 | D:2      | Found a hide-covered altar of Uskayaw.
   909 | D:2      | Reached XP level 4. HP: 4/40 MP: 3/3
   910 | D:2      | HP: 1/40 [gnoll/+0 spear (2)]
   912 | D:2      | Killed from afar by a dart slug

Illustrated notes

Levels and vault maps discovered:
D:1:      shiori_arrival_oz, layout_basic, serial_shops, shop
D:2:      wad_woods_stonehenge, layout_basic, basic_ecumenical_altar,
          minmay_indecisive_spiral

Skill      XL: |  1  2 |
---------------+-------+-----
Axes           | 3 |  3.8
Armour         | 4 |  4.2
Fighting       | 4 |  4.1
Shields        | 4 |  4.2

Action                     |  1- 3 |  4- 6 || total
---------------------------+-------+-------++-------
  Melee: War axe           |    96 |     1 ||    97
         Headbutt          |    17 |       ||    17
 Armour: Scale mail        |    68 |     3 ||    71
  Dodge: Dodged            |    62 |     1 ||    63
  Block: Buckler           |    38 |     1 ||    39

Table legend: (Time is in decaauts)
 A = Elapsed time spent in this place.
 B = Non-inter-level travel time spent in this place.
 C = Inter-level travel time spent in this place.
 D = Time resting spent in this place.
 E = Time spent auto-exploring this place.
 F = Levels seen in this place.
 G = Mean time per level.
                   A        B        C        D        E       F      G
               +--------+--------+--------+--------+--------+-----+--------+
         Total |    948 |    948 |      0 |      0 |    507 |   2 |  474.0 |
       Dungeon |    948 |    948 |      0 |      0 |    507 |   2 |  474.0 |
               +--------+--------+--------+--------+--------+-----+--------+

Top non-repeatable levels by time:
     D:1: 708 daAuts
     D:2: 239 daAuts
